 Dungeon Crawl Stone Soup version 0.31-a0-564-g3b7de120b3 (webtiles) character file.

Game seed: 14474261339157627006

38 shmup the Firebug (level 3, -1/19 HPs)
             Began as a Tengu Fire Elementalist on Aug 17, 2023.
             Slain by an adder (3 damage)
             ... on level 2 of the Dungeon.
             The game lasted 00:02:48 (1558 turns).

shmup the Firebug (Tengu Fire Elementalist)         Turns: 1558, Time: 00:02:49

Health: -1/19      AC:  2    Str:  8    XL:     3   Next: 43%
Magic:  1/7        EV: 12    Int: 17    God:
Gold:   111        SH:  0    Dex: 14    Spells: 3/6 levels left

rFire   . . .        d - +0 dagger
rCold   . . .        (no shield)
rNeg    . . .        a - +0 robe
rPois   .            (helmet restricted)
rElec   .            (no cloak)
rCorr   .            (no gloves)
SInv    .            (boots unavailable)
Will    .....        (no amulet)
Stlth   ++           (no ring)
HPRegen 0.23/turn    (no ring)
MPRegen 0.10/turn

%: no passive effects
@: lethally poisoned (-1 -> -6)
A: beak, talons 3
a: no special abilities


You were on level 2 of the Dungeon.
You visited 1 branch of the dungeon, and saw 2 of its levels.

You collected 111 gold pieces.

Inventory:

Hand Weapons
 d - a +0 dagger (weapon)
 f - a +0 heavy spear
Missiles
 c - 19 stones
Armour
 a - a +0 robe (worn)
 h - a +0 pair of gloves
 k - a +0 pair of gloves
 r - a +0 pair of gloves
Magical Staves
 m - a staff of poison
Jewellery
 o - an amulet of guardian spirit
Scrolls
 n - a scroll of teleportation {unknown}
 p - a scroll of vulnerability {unknown}
Potions
 b - a potion of magic
 e - 2 potions of resistance {unknown}
 g - a potion of degeneration {unknown}
 i - 2 potions of berserk rage {unknown}
 j - a potion of enlightenment {unknown}
 l - a potion of heal wounds {unknown}
 q - a potion of cancellation {unknown}
 s - a potion of haste {unknown}


   Skills:
 - Level 2.1 Dodging
 - Level 2.0 Stealth
 - Level 2.0 Spellcasting
 + Level 2.7 Conjurations
 * Level 4.4 Fire Magic


You had 3 spell levels left.
You knew the following spells:

 Your Spells              Type           Power      Damage    Failure   Level
a - Foxfire               Conj/Fire      52%        2x1d6     4%          1
b - Scorch                Fire           32%        2d6       4%          2

Your spell library contained the following spells:

 Spells                   Type           Power      Damage    Failure   Level
 Inner Flame              Hex/Fire       9%         N/A       24%         3
 Volatile Blastmotes      Fire/Tloc      18%        2d11      24%         3
 Flame Wave               Conj/Fire      13%        2d6       41%         4
 Passage of Golubria      Tloc           1%         N/A       88%         4
 Silence                  Hex/Air        0%         N/A       99%         5
 Lehudib's Crystal Spear  Conj/Erth      3%         10d2      100%        8


Dungeon Overview and Level Annotations

Branches:
Dungeon (2/15) Zot: 10441

Altars:

Shops:
D:2 =


Innate Abilities, Weirdness & Mutations

You have a beak for a mouth.
You have claws for feet.


Message History

Flames lash the hobgoblin.
You kill the hobgoblin!
The adder bites you.
Unknown command.
Casting: Scorch (safe; 4% risk of failure)
Confirm with . or Enter, or press ? or * to list all spells.
Flames lash the adder.
The adder is severely wounded.
The adder's fire resistance burns away.
The adder bites you. x2
* * * LOW HITPOINT WARNING * * *
You are poisoned.
The adder poisons you!
Casting: Scorch (safe; 4% risk of failure)
Confirm with . or Enter, or press ? or * to list all spells.
You don't have enough magic to cast this spell.
Unknown command.
Unknown command.
You hit the adder.
The adder is almost dead.
You feel sick. The adder bites you.
* * * LOW HITPOINT WARNING * * *
You are lethally poisoned!
The adder poisons you!
You barely miss the adder. Your kick misses the adder.
The adder is almost dead.
* * * LOW HITPOINT WARNING * * *
You feel very sick.
The adder is no longer more vulnerable to fire.
The adder bites you but does no damage.
You closely miss the adder. Your peck misses the adder.
The adder is almost dead.
* * * LOW HITPOINT WARNING * * *
You feel sick. The adder bites you but does no damage.
Unknown command.
Casting: Scorch (safe; 4% risk of failure)
Confirm with . or Enter, or press ? or * to list all spells.
You conjure some foxfire!
* * * LOW HITPOINT WARNING * * *
You feel sick. The adder bites you.
You die...

▒.▒ ▒.▒▒▒.......▒ ▒.▒
▒.▒ ▒▒▒...▒.▒ ▒.▒▒▒▒▒.▒
▒.....▒.▒ ▒.......▒
▒.▒..▒▒.▒▒▒▒.
▒..▒▒▒▒▒▒▒▒.▒..........
▒...............▒▒▒.....
....▒▒▒▒.....▒▒.▒ ...
...............v▒▒▒%....
.▒...▒▒▒......▒.Qv)...▒
..............▒▒▒S▒▒.▒▒
..▒..▒▒▒▒▒▒.. (▒
▒%▒.▒▒▒▒▒ ▒▒▒ .▒
▒.▒.)...▒ .▒ ▒.▒.▒▒▒.▒
.▒ ....▒ ▒. ....▒ .
▒.▒▒▒


You could see an adder (ally target).

Vanquished Creatures
  2 worms (D:2)
  A dart slug (D:2)
  3 ball pythons
  3 endoplasms
  2 giant cockroaches (D:1)
  3 hobgoblins
  3 jackals (D:1)
  A quokka (D:1)
  4 frilled lizards
  2 goblins
  4 kobolds
  A rat (D:2)
29 creatures vanquished.

Vanquished Creatures (others)
  64 foxfires
64 creatures vanquished.

Grand Total: 93 creatures vanquished

Notes
Turn   | Place    | Note
-------+----------+-------------------------------------------
     0 | D:1      | shmup the Tengu Fire Elementalist began the quest for the
                  | Orb.
     0 | D:1      | Reached XP level 1. HP: 10/10 MP: 4/4
   237 | D:1      | Reached XP level 2. HP: 15/15 MP: 1/6
   865 | D:1      | Reached skill level 4 in Fire Magic
   902 | D:1      | Found a faded altar of an unknown god.
  1036 | D:2      | Learned a level 2 spell: Scorch
  1213 | D:2      | Reached XP level 3. HP: 19/19 MP: 4/7
  1373 | D:2      | Found Coru's Jewellery Emporium.
  1558 | D:2      | Slain by an adder

Illustrated notes

Levels and vault maps discovered:
D:1:      dpeg_arrival_simpleton_a, layout_basic,
          shapermc_ecumenical_altar_mp_vishouse, minmay_misc_feat_enclosed
D:2:      layout_loops_ring, serial_shops, shop, hangedman_decor_push,
          chequers_avenue, grunt_ministairs_4, minmay_misc_feat_ornament

Skill      XL: |  1  2 |
---------------+-------+-----
Conjurations   | 2 |  2.7
Fire Magic     | 4 |  4.4
Dodging        | |  2.1
Stealth        | |  2.0
Spellcasting   | |  2.0

Action                     || total
---------------------------++-------
  Melee: Dagger            ||    14
         Kick              ||     2
   Cast: Foxfire           ||    40
         Scorch            ||     8
 Armour: Robe              ||     5
  Dodge: Dodged            ||    12

Table legend: (Time is in decaauts)
 A = Elapsed time spent in this place.
 B = Non-inter-level travel time spent in this place.
 C = Inter-level travel time spent in this place.
 D = Time resting spent in this place.
 E = Time spent auto-exploring this place.
 F = Levels seen in this place.
 G = Mean time per level.
                   A        B        C        D        E       F      G
               +--------+--------+--------+--------+--------+-----+--------+
         Total |   1557 |   1506 |     51 |     41 |   1173 |   2 |  778.5 |
       Dungeon |   1557 |   1506 |     51 |     41 |   1173 |   2 |  778.5 |
               +--------+--------+--------+--------+--------+-----+--------+

Top non-repeatable levels by time:
     D:1: 1013 daAuts
     D:2: 543 daAuts
